Canadiens vs Islanders

Created - Sunday, May 08, 2016 at 02:07

Goals
1 2 3 T
Canadiens 1 0 0 1
Islanders 2 3 1 6
Shots
1 2 3 T
Canadiens 5 5 20 30
Islanders 11 9 9 29

1st period

1. Islanders , Lauri Korpikoski 2 (Patrik Berglund) at 2:32
2. Islanders , Jamie Benn 7 (David Krejci) at 2:54
3. Canadiens , Radim Vrbata 6 (Joe Thornton) at 12:37 (PP)

Penalties :
Francois Beauchemin (Mon) for Charging (Minor) at 3:42, Alexei Emelin (NYI) for Hooking (Minor) at 8:22, Alexei Emelin (NYI) for Interference (Minor) at 12:29, Francois Beauchemin (Mon) for Goalie Interference (Minor) at 15:44

2nd period

4. Islanders , Joe Pavelski 8 (Marian Hossa, Erik Karlsson) at 0:19
5. Islanders , Jamie Benn 8 (David Krejci) at 0:33
6. Islanders , Dustin Brown 2 (Erik Karlsson, Jamie Benn) at 0:55 (PP)

Penalties :
Francois Beauchemin (Mon) for Hooking (Minor) at 0:36, Travis Hamonic (NYI) for Cross-checking (Minor) at 3:08, Mathieu Perreault (Mon) for Hooking (Minor) at 10:54, Travis Hamonic (NYI) for Tripping (Minor) at 15:10

3rd period

7. Islanders , Dustin Brown 3 (Dalton Prout, Tyler Ennis) at 4:44

Penalties :
Jamie Benn (NYI) for Holding (Minor) at 0:48, Justin Abdelkader (Mon) for Slashing (Double Minor) at 12:12, Paul Gaustad (NYI) for Hooking (Minor) at 17:04

Goalie Stats

Pekka Rinne (Mon), 12 saves from 16 shots - (0.750), L, 6-5-2, 20:33 minutes
Curtis McElhinney (Mon), 11 saves from 13 shots - (0.846), 39:27 minutes
Braden Holtby (NYI), 29 saves from 30 shots - (0.967), W, 8-4-0, 60:00 minutes

Players Stats for Canadiens

Player Name              G  A  P  +/- PIM S  H  SB GA TA FO     MP     PP MP  PK MP  
------------------------------------------------------------------------------------
Alex Goligoski           0  0  0  -2  0   0  1  2  1  2  0/0    11:44   2:41   3:08 
Ben Lovejoy              0  0  0  -2  0   1  2  4  0  3  0/0    27:16   4:31   5:53 
Braydon Coburn           0  0  0  -1  0   1  1  5  0  3  0/0    24:56   2:57   6:16 
Francois Beauchemin      0  0  0  -2  6   3  1  1  0  0  0/0    25:25   6:24   0:46 
Gregory Campbell         0  0  0   0  0   2  0  0  0  0  0/1     8:22   0:00   3:39 
Jaromir Jagr             0  0  0   0  0   0  0  0  0  0  0/0    11:22   0:00   0:00 
Joe Thornton             0  1  1  -2  0   5  0  1  3  0  11/21  18:28   5:16   0:00 
Justin Abdelkader        0  0  0  -2  4   2  3  0  0  1  0/2    16:52   5:16   1:47 
Justin Fontaine          0  0  0   0  0   0  0  1  0  1  0/0    11:59   0:00   6:26 
Kevin Bieksa             0  0  0  -2  0   1  1  1  0  1  0/0    12:22   1:18   0:49 
Mathieu Perreault        0  0  0   0  2   4  1  0  3  0  2/2    19:08   4:47   1:48 
Matthew Carle            0  0  0  -1  0   1  1  1  0  0  0/0    20:52   2:15   3:38 
Maxim Lapierre           0  0  0   0  0   0  2  0  0  0  4/11   10:12   0:00   6:40 
Mike Ribeiro             0  0  0   0  0   1  1  0  1  0  7/15   16:29   4:47   0:00 
Patrick Eaves            0  0  0  -3  0   1  1  0  1  0  0/0    11:25   0:00   0:10 
Radim Vrbata             1  0  1  -2  0   3  1  0  1  0  0/1    15:06   5:16   0:00 
Ryan Callahan            0  0  0  -3  0   5  2  0  2  0  0/2    16:22   4:47   0:00 
Scott Gomez              0  0  0  -3  0   0  2  0  0  0  2/6    11:15   0:00   0:00 

Players Stats for Islanders

Player Name              G  A  P  +/- PIM S  H  SB GA TA FO     MP     PP MP  PK MP  
------------------------------------------------------------------------------------
Alexei Emelin            0  0  0   1  4   0  1  0  0  1  0/0    17:17   0:00   3:40 
Brandon Pirri            0  0  0   2  0   1  1  0  2  0  0/0    11:55   0:00   0:00 
Carl Hagelin             0  0  0   1  0   0  0  0  0  1  0/0    18:49   4:44   2:13 
Dalton Prout             0  1  1   1  0   0  2  1  0  1  0/0    15:25   0:00   4:54 
David Krejci             0  2  2   2  0   2  1  0  3  0  17/25  19:00   5:31   1:19 
Dustin Brown             2  0  2   1  0   2  0  0  1  0  0/0    15:36   5:11   0:35 
Erik Karlsson            0  2  2   3  0   3  1  2  0  0  0/0    24:05   8:47   0:00 
Frans Nielsen            0  0  0   1  0   1  0  1  1  1  4/8    16:16   5:31   2:06 
Jamie Benn               2  1  3   2  2   7  6  0  3  0  1/1    17:40   5:31   0:00 
Joe Pavelski             1  0  1   1  0   3  3  0  1  1  7/13   16:01   4:44   0:00 
Kevin Klein              0  0  0   2  0   1  2  2  1  0  0/0    21:21   1:28   5:56 
Lauri Korpikoski         1  0  1   1  0   1  0  1  2  0  0/1    15:02   0:00   7:40 
Marian Hossa             0  1  1   1  0   4  0  0  2  0  0/0    16:01   4:44   0:00 
Patrik Berglund          0  1  1   1  0   2  0  0  0  0  0/0     7:07   0:00   0:00 
Paul Gaustad             0  0  0   1  2   1  1  1  1  0  6/13   13:34   0:00   6:13 
Rob Scuderi              0  0  0   2  0   0  1  1  0  0  0/0    18:22   0:00   5:36 
Travis Hamonic           0  0  0   1  4   0  0  3  0  1  0/0    12:54   0:00   0:00 
Tyler Ennis              0  1  1   1  0   1  1  0  3  0  0/0    13:21   5:04   0:00 

3 Stars

1 - Jamie Benn (NYI)
2 - Dustin Brown (NYI)
3 - Braden Holtby (NYI)

Power Play

Canadiens - 1 on 6 Attempt(s) - 16.67%
Islanders - 1 on 6 Attempt(s) - 16.67%

Penalty Kill

Canadiens - 5 on 6 Attempt(s) - 83.33% - Score 0 goal in Penalty Kill
Islanders - 5 on 6 Attempt(s) - 83.33% - Score 0 goal in Penalty Kill

Team Stat

Canadiens - Hits : 20 - Faceoff Wins : 26 - Blocked Shots : 16 - Penalty Minutes : 12
Islanders - Hits : 20 - Faceoff Wins : 35 - Blocked Shots : 12 - Penalty Minutes : 12

Official

Referees : Unknown
Linesman : Unknown

Game Notes

Curtis McElhinney enters game at 0:33 of 2nd period
Alex Goligoski is injured at 7:42 of 2nd period (Sprained Left Finger)

Finance

Level 1 -- Attendance: 6000 (100.00%) -- Ticket Income $504,000
Level 2 -- Attendance: 4760 (95.20%) -- Ticket Income $271,320
Level 3 -- Attendance: 1965 (98.25%) -- Ticket Income $62,880
Level 4 -- Attendance: 3425 (85.63%) -- Ticket Income $68,500
Luxury Box -- Attendance: 1000 (100.00%) -- Ticket Income $179,000
Game was played at the Nassau Coliseum.
Total Attendance: 17150 (95.28%)
Total Ticket Income: $1,085,700
Other Income: $531,993
Total Income: $1,617,693

Canadiens

5 vs 5 Forward 
   Center                   Left Wing                Right Wing               Time % Phy DF OF 
 1 Joe Thornton             Justin Abdelkader        Radim Vrbata             33     1   1  3  
 2 Mike Ribeiro             Mathieu Perreault        Jaromir Jagr             29     1   1  3  
 3 Scott Gomez              Patrick Eaves            Ryan Callahan            26     1   1  3  
 4 Joe Thornton             Gregory Campbell         Justin Fontaine          12     1   2  2  

5 vs 5 Defense 
   Defense                  Defense                                           Time % Phy DF OF 
 1 Alex Goligoski           Francois Beauchemin                               40     1   2  2  
 2 Matthew Carle            Braydon Coburn                                    36     1   2  2  
 3 Kevin Bieksa             Ben Lovejoy                                       24     1   3  1  
 4 Francois Beauchemin      Alex Goligoski                                    0      1   2  2  

PowerPlay Forward 
   Center                   Left Wing                Right Wing               Time % Phy DF OF 
 1 Joe Thornton             Justin Abdelkader        Radim Vrbata             60     1   1  3  
 2 Mike Ribeiro             Mathieu Perreault        Ryan Callahan            40     1   1  3  

PowerPlay Defense
   Defense                  Defense                                           Time % Phy DF OF 
 1 Alex Goligoski           Francois Beauchemin                               60     1   1  3  
 2 Matthew Carle            Ben Lovejoy                                       40     1   2  2  

Penalty Kill 4 Players Forward 
   Center                   Wing                     Time % Phy DF OF 
 1 Maxim Lapierre           Justin Fontaine          60     1   3  1  
 2 Gregory Campbell         Justin Abdelkader        40     1   4  0  

Penalty Kill 4 Players Defense
   Defense                  Defense                  Time % Phy DF OF 
 1 Alex Goligoski           Braydon Coburn           60     1   3  1  
 2 Matthew Carle            Ben Lovejoy              40     1   4  0  

Penalty Kill - 3 Players Forward 
   Forward                                           Time % Phy DF OF 
 1 Maxim Lapierre                                    60     1   3  1  
 2 Gregory Campbell                                  40     1   3  1  

Penalty Kill - 3 Players Defense
   Defense                  Defense                  Time % Phy DF OF 
 1 Alex Goligoski           Braydon Coburn           60     1   3  1  
 2 Matthew Carle            Ben Lovejoy              40     1   3  1  

4 vs 4 Forward 
   Center                   Wing                     Time % Phy DF OF 
 1 Joe Thornton             Ryan Callahan            60     1   2  2  
 2 Mike Ribeiro             Radim Vrbata             40     1   2  2  

4 vs 4 Defense
   Defense                  Defense                  Time % Phy DF OF 
 1 Alex Goligoski           Francois Beauchemin      60     1   2  2  
 2 Matthew Carle            Ben Lovejoy              40     1   2  2  

Last Minutes Offensive
   Center                   Left Wing                Right Wing               Defense                  Defense                  
   Joe Thornton             Justin Abdelkader        Ryan Callahan            Alex Goligoski           Francois Beauchemin      

Last Minutes Defensive
   Center                   Left Wing                Right Wing               Defense                  Defense                  
   Joe Thornton             Justin Abdelkader        Ryan Callahan            Alex Goligoski           Francois Beauchemin      

Goaltenders
Starting : Pekka Rinne              
Backup : Curtis McElhinney        

Extra Forwards
Normal : Jaromir Jagr, Maxim Lapierre, Gregory Campbell - PP : Jaromir Jagr, Maxim Lapierre - PK : Gregory Campbell
Extra Defensemen
Normal : Braydon Coburn, Ben Lovejoy, Matthew Carle - PP : Braydon Coburn - PK : Ben Lovejoy, Matthew Carle
Penalty Shots
Joe Thornton, Mike Ribeiro, Ryan Callahan, Radim Vrbata, Justin Abdelkader

Islanders

5 vs 5 Forward 
   Center                   Left Wing                Right Wing               Time % Phy DF OF 
 1 David Krejci             Jamie Benn               Brandon Pirri            32     1   2  2  
 2 Joe Pavelski             Carl Hagelin             Marian Hossa             27     1   2  2  
 3 Frans Nielsen            Dustin Brown             Tyler Ennis              23     1   2  2  
 4 Paul Gaustad             Lauri Korpikoski         Patrik Berglund          18     1   2  2  

5 vs 5 Defense 
   Defense                  Defense                                           Time % Phy DF OF 
 1 Erik Karlsson            Kevin Klein                                       33     1   2  2  
 2 Alexei Emelin            Travis Hamonic                                    30     1   2  2  
 3 Rob Scuderi              Dalton Prout                                      24     0   3  2  
 4 Erik Karlsson            Rob Scuderi                                       13     1   2  2  

PowerPlay Forward 
   Center                   Left Wing                Right Wing               Time % Phy DF OF 
 1 David Krejci             Jamie Benn               Frans Nielsen            57     1   2  2  
 2 Joe Pavelski             Carl Hagelin             Marian Hossa             43     1   2  2  

PowerPlay Defense
   Defense                  Defense                                           Time % Phy DF OF 
 1 Erik Karlsson            Dustin Brown                                      60     1   2  2  
 2 Erik Karlsson            Tyler Ennis                                       40     1   2  2  

Penalty Kill 4 Players Forward 
   Center                   Wing                     Time % Phy DF OF 
 1 Paul Gaustad             Lauri Korpikoski         60     1   2  2  
 2 Frans Nielsen            Carl Hagelin             40     1   2  2  

Penalty Kill 4 Players Defense
   Defense                  Defense                  Time % Phy DF OF 
 1 Rob Scuderi              Kevin Klein              50     1   2  2  
 2 Alexei Emelin            Dalton Prout             50     0   3  2  

Penalty Kill - 3 Players Forward 
   Forward                                           Time % Phy DF OF 
 1 Paul Gaustad                                      60     1   2  2  
 2 Frans Nielsen                                     40     1   2  2  

Penalty Kill - 3 Players Defense
   Defense                  Defense                  Time % Phy DF OF 
 1 Kevin Klein              Rob Scuderi              50     1   2  2  
 2 Travis Hamonic           Dalton Prout             50     0   3  2  

4 vs 4 Forward 
   Center                   Wing                     Time % Phy DF OF 
 1 David Krejci             Jamie Benn               60     1   2  2  
 2 Joe Pavelski             Marian Hossa             40     1   2  2  

4 vs 4 Defense
   Defense                  Defense                  Time % Phy DF OF 
 1 Erik Karlsson            Kevin Klein              60     1   2  2  
 2 Alexei Emelin            Travis Hamonic           40     1   2  2  

Last Minutes Offensive
   Center                   Left Wing                Right Wing               Defense                  Defense                  
   Joe Pavelski             Jamie Benn               Brandon Pirri            Erik Karlsson            Kevin Klein              

Last Minutes Defensive
   Center                   Left Wing                Right Wing               Defense                  Defense                  
   Paul Gaustad             Joe Pavelski             Carl Hagelin             Alexei Emelin            Rob Scuderi              

Goaltenders
Starting : Braden Holtby            
Backup : Andrew Hammond           

Extra Forwards
Normal : Jamie Benn, Joe Pavelski, Dustin Brown - PP : David Krejci, Jamie Benn - PK : Carl Hagelin
Extra Defensemen
Normal : Erik Karlsson, Travis Hamonic, Alexei Emelin - PP : Erik Karlsson - PK : Alexei Emelin, Rob Scuderi
Penalty Shots
Frans Nielsen, Joe Pavelski, Tyler Ennis, Jamie Benn, Dustin Brown

% Time on Ice - Canadiens

Lines # - Real PCT - Wanted PCT - Time Play
Normal Forward
1 - 34% - 33% - 13:22
2 - 29% - 29% - 11:42
3 - 28% - 26% - 11:16
4 - 8% - 12% - 3:22
Normal Defense
1 - 45% - 40% - 17:51
2 - 32% - 36% - 12:41
3 - 23% - 24% - 9:10
4 - 0% - 0% - 0:00
PP Forward
1 - 52% - 60% - 5:16
2 - 48% - 40% - 4:47
PP Defense
1 - 78% - 60% - 7:48
2 - 22% - 40% - 2:15
PK Forward
1 - 76% - 60% - 7:50
2 - 24% - 40% - 2:25
PK Defense
1 - 80% - 60% - 8:14
2 - 20% - 40% - 2:01
PK3 Forward
1 - 0% - 60%
2 - 0% - 40%
PK3 Defense
1 - 0% - 60%
2 - 0% - 40%
44 Forward
1 - 0% - 60%
2 - 0% - 40%
44 Defense
1 - 0% - 60%
2 - 0% - 40%
Last Minute Offensive  - 0:00
Last Minute Defensive  - 0:00
Total
Forward - 60:00
Defense - 60:00

% Time on Ice - Islanders

Lines # - Real PCT - Wanted PCT - Time Play
Normal Forward
1 - 33% - 32% - 13:01
2 - 28% - 27% - 11:17
3 - 21% - 23% - 8:17
4 - 18% - 18% - 7:07
Normal Defense
1 - 35% - 33% - 14:01
2 - 34% - 30% - 13:39
3 - 24% - 24% - 9:40
4 - 6% - 13% - 2:22
PP Forward
1 - 54% - 57% - 5:31
2 - 46% - 43% - 4:44
PP Defense
1 - 51% - 60% - 5:11
2 - 49% - 40% - 5:04
PK Forward
1 - 82% - 60% - 8:15
2 - 18% - 40% - 1:48
PK Defense
1 - 51% - 50% - 5:09
2 - 49% - 50% - 4:54
PK3 Forward
1 - 0% - 60%
2 - 0% - 40%
PK3 Defense
1 - 0% - 50%
2 - 0% - 50%
44 Forward
1 - 0% - 60%
2 - 0% - 40%
44 Defense
1 - 0% - 60%
2 - 0% - 40%
Last Minute Offensive  - 0:00
Last Minute Defensive  - 0:00
Total
Forward - 60:00
Defense - 60:00

Play by Play

1st period


0:01 of 1st period - Joe Thornton wins face-off versus David Krejci in neutral zone.
0:14 of 1st period - Slapshot by Erik Karlsson.
0:14 of 1st period - Shot Misses the Net.
0:16 of 1st period - Wrist shot by David Krejci.
0:16 of 1st period - Shot Blocked by Alex Goligoski.
0:18 of 1st period - Snap shot by Erik Karlsson.
0:18 of 1st period - Shot Blocked by Joe Thornton.
0:29 of 1st period - Francois Beauchemin is hit by Brandon Pirri and loses puck.
0:50 of 1st period - Alex Goligoski is hit by Kevin Klein and loses puck.
1:16 of 1st period - Backhand shot by Marian Hossa.
1:16 of 1st period - Stopped by Pekka Rinne without a rebound.
1:17 of 1st period - Mike Ribeiro wins face-off versus Frans Nielsen in Canadiens zone.
1:22 of 1st period - Snap shot by Mathieu Perreault.
1:22 of 1st period - Shot Misses the Net.
2:08 of 1st period - Slapshot by Patrik Berglund.
2:08 of 1st period - Shot Misses the Net.
2:10 of 1st period - Slapshot by Alexei Emelin.
2:10 of 1st period - Shot Blocked by Braydon Coburn.
2:30 of 1st period - Backhand shot by Patrik Berglund.
2:30 of 1st period - Stopped by Pekka Rinne with a rebound.
2:32 of 1st period - Wrist shot by Lauri Korpikoski.
2:32 of 1st period - Goal by Lauri Korpikoski - Canadiens : 0 - Islanders : 1.
2:33 of 1st period - David Krejci wins face-off versus Scott Gomez in neutral zone.
2:54 of 1st period - Backhand shot by Jamie Benn.
2:54 of 1st period - Goal by Jamie Benn - Canadiens : 0 - Islanders : 2.
2:55 of 1st period - Joe Pavelski wins face-off versus Joe Thornton in neutral zone.
3:25 of 1st period - Snap shot by Joe Pavelski.
3:25 of 1st period - Shot Misses the Net.
3:27 of 1st period - Snap shot by Joe Pavelski.
3:27 of 1st period - Shot Blocked by Ben Lovejoy.
3:29 of 1st period - Backhand shot by Carl Hagelin.
3:29 of 1st period - Shot Misses the Net.
3:31 of 1st period - Slapshot by Kevin Klein.
3:31 of 1st period - Deflect By Joe Pavelski.
3:31 of 1st period - Shot Misses the Net.
3:31 of 1st period - Puck is out of play.
3:32 of 1st period - Frans Nielsen wins face-off versus Ryan Callahan in Canadiens zone.
3:42 of 1st period - Minor Penalty to Francois Beauchemin for Charging.
3:43 of 1st period - David Krejci wins face-off versus Maxim Lapierre in Canadiens zone.
4:39 of 1st period - Alex Goligoski is hit by Joe Pavelski and loses puck.
4:52 of 1st period - Snap shot by Joe Pavelski.
4:52 of 1st period - Shot Misses the Net.
5:02 of 1st period - Snap shot by Joe Pavelski.
5:02 of 1st period - Deflect By Alex Goligoski.
5:02 of 1st period - Stopped by Pekka Rinne with a rebound.
5:42 of 1st period - Penalty to Francois Beauchemin is over, Francois Beauchemin is back on ice.
7:07 of 1st period - Kevin Bieksa is hit by Dalton Prout and loses puck.
7:50 of 1st period - Lauri Korpikoski is hit by Alex Goligoski and loses puck.
7:59 of 1st period - Snap shot by Mike Ribeiro.
7:59 of 1st period - Stopped by Braden Holtby without a rebound.
8:00 of 1st period - Mike Ribeiro wins face-off versus Joe Pavelski in Islanders zone.
8:17 of 1st period - Snap shot by Mathieu Perreault.
8:17 of 1st period - Shot Blocked by Travis Hamonic.
8:22 of 1st period - Minor Penalty to Alexei Emelin for Hooking.
8:23 of 1st period - Joe Thornton wins face-off versus Paul Gaustad in Islanders zone.
8:25 of 1st period - Wrist shot by Joe Thornton.
8:25 of 1st period - Stopped by Braden Holtby without a rebound.
8:26 of 1st period - Paul Gaustad wins face-off versus Justin Abdelkader in Islanders zone.
8:37 of 1st period - Kevin Klein is hit by Justin Abdelkader and loses puck.
9:26 of 1st period - Paul Gaustad is hit by Ben Lovejoy and loses puck.
10:22 of 1st period - Penalty to Alexei Emelin is over, Alexei Emelin is back on ice.
10:56 of 1st period - Slapshot by Ryan Callahan.
10:56 of 1st period - Stopped by Braden Holtby without a rebound.
10:57 of 1st period - Scott Gomez wins face-off versus David Krejci in Islanders zone.
11:02 of 1st period - Wrist shot by Patrick Eaves.
11:02 of 1st period - Shot Blocked by Erik Karlsson.
11:04 of 1st period - Slapshot by Kevin Bieksa.
11:04 of 1st period - Deflect By Scott Gomez.
11:04 of 1st period - Shot Blocked by Rob Scuderi.
11:04 of 1st period - Puck is out of play.
11:05 of 1st period - David Krejci wins face-off versus Gregory Campbell in Islanders zone.
11:26 of 1st period - Snap shot by Jamie Benn.
11:26 of 1st period - Shot Misses the Net.
12:10 of 1st period - Alexei Emelin is hit by Ryan Callahan and loses puck.
12:17 of 1st period - Wrist shot by Ryan Callahan.
12:17 of 1st period - Shot Misses the Net.
12:19 of 1st period - Slapshot by Francois Beauchemin.
12:19 of 1st period - Stopped by Braden Holtby with a rebound.
12:21 of 1st period - Slapshot by Francois Beauchemin.
12:21 of 1st period - Shot Misses the Net.
12:23 of 1st period - Snap shot by Francois Beauchemin.
12:23 of 1st period - Shot Blocked by Travis Hamonic.
12:29 of 1st period - Minor Penalty to Alexei Emelin for Interference.
12:30 of 1st period - Joe Thornton wins face-off versus Paul Gaustad in Islanders zone.
12:37 of 1st period - Wrist shot by Radim Vrbata.
12:37 of 1st period - Goal by Radim Vrbata - Canadiens : 1 - Islanders : 2.
12:38 of 1st period - Joe Pavelski wins face-off versus Mike Ribeiro in neutral zone.
13:01 of 1st period - Wrist shot by Marian Hossa.
13:01 of 1st period - Deflect By Francois Beauchemin.
13:01 of 1st period - Shot Misses the Net.
13:01 of 1st period - Puck is out of play.
13:02 of 1st period - Joe Thornton wins face-off versus David Krejci in Canadiens zone.
13:36 of 1st period - Joe Thornton is hit by Jamie Benn and loses puck.
14:37 of 1st period - Snap shot by Marian Hossa.
14:37 of 1st period - Stopped by Pekka Rinne without a rebound.
14:38 of 1st period - Mike Ribeiro wins face-off versus Joe Pavelski in Canadiens zone.
14:59 of 1st period - Snap shot by Joe Pavelski.
14:59 of 1st period - Stopped by Pekka Rinne without a rebound.
15:00 of 1st period - Joe Thornton wins face-off versus Frans Nielsen in Canadiens zone.
15:26 of 1st period - Slapshot by Frans Nielsen.
15:26 of 1st period - Stopped by Pekka Rinne with a rebound.
15:44 of 1st period - Minor Penalty to Francois Beauchemin for Goalie Interference.
15:45 of 1st period - Joe Pavelski wins face-off versus Maxim Lapierre in Canadiens zone.
15:58 of 1st period - Snap shot by Marian Hossa.
15:58 of 1st period - Stopped by Pekka Rinne with a rebound.
16:08 of 1st period - Snap shot by Marian Hossa.
16:08 of 1st period - Stopped by Pekka Rinne with a rebound.
16:21 of 1st period - Icing by Carl Hagelin.
16:22 of 1st period - Joe Pavelski wins face-off versus Maxim Lapierre in Islanders zone.
16:26 of 1st period - Off-side.
16:27 of 1st period - Maxim Lapierre wins face-off versus David Krejci in neutral zone.
17:27 of 1st period - Alex Goligoski is hit by Joe Pavelski.
17:44 of 1st period - Penalty to Francois Beauchemin is over, Francois Beauchemin is back on ice.
18:09 of 1st period - Francois Beauchemin is hit by Rob Scuderi and loses puck.
18:24 of 1st period - Slapshot by Lauri Korpikoski.
18:24 of 1st period - Shot Misses the Net.
18:30 of 1st period - Wrist shot by Lauri Korpikoski.
18:30 of 1st period - Shot Misses the Net.
18:32 of 1st period - Wrist shot by Patrik Berglund.
18:32 of 1st period - Shot Misses the Net.
18:34 of 1st period - Wrist shot by Paul Gaustad.
18:34 of 1st period - Stopped by Pekka Rinne with a rebound.
18:50 of 1st period - Matthew Carle is hit by Joe Pavelski and loses puck.
18:59 of 1st period - Wrist shot by Joe Pavelski.
18:59 of 1st period - Shot Misses the Net.
19:13 of 1st period - Kevin Bieksa is hit by Alexei Emelin and loses puck.
19:34 of 1st period - Dustin Brown is hit by Mike Ribeiro.
19:42 of 1st period - Slapshot by Tyler Ennis.
19:42 of 1st period - Shot Blocked by Kevin Bieksa.
Goals for this period are 1 for Canadiens vs 2 for Islanders.
Shots for this period are 5 for Canadiens vs 11 for Islanders.

2nd period


0:01 of 2nd period - Joe Pavelski wins face-off versus Scott Gomez in neutral zone.
0:17 of 2nd period - Snap shot by Joe Pavelski.
0:17 of 2nd period - Shot Misses the Net.
0:19 of 2nd period - Wrist shot by Joe Pavelski.
0:19 of 2nd period - Goal by Joe Pavelski - Canadiens : 1 - Islanders : 3.
0:20 of 2nd period - David Krejci wins face-off versus Radim Vrbata in neutral zone.
0:25 of 2nd period - Slapshot by Erik Karlsson.
0:25 of 2nd period - Stopped by Pekka Rinne with a rebound.
0:27 of 2nd period - Slapshot by Erik Karlsson.
0:27 of 2nd period - Shot Blocked by Francois Beauchemin.
0:29 of 2nd period - Snap shot by David Krejci.
0:29 of 2nd period - Stopped by Pekka Rinne with a rebound.
0:31 of 2nd period - Slapshot by Erik Karlsson.
0:31 of 2nd period - Stopped by Pekka Rinne without a rebound.
0:32 of 2nd period - David Krejci wins face-off versus Joe Thornton in Canadiens zone.
0:33 of 2nd period - Wrist shot by Jamie Benn.
0:33 of 2nd period - Goal by Jamie Benn - Canadiens : 1 - Islanders : 4.
0:33 of 2nd period - Curtis McElhinney enters game.
0:34 of 2nd period - Mike Ribeiro wins face-off versus Joe Pavelski in neutral zone.
0:36 of 2nd period - Minor Penalty to Francois Beauchemin for Hooking.
0:37 of 2nd period - David Krejci wins face-off versus Maxim Lapierre in Canadiens zone.
0:37 of 2nd period - Wrist shot by Jamie Benn.
0:37 of 2nd period - Shot Misses the Net.
0:41 of 2nd period - Wrist shot by Jamie Benn.
0:41 of 2nd period - Deflect By Frans Nielsen.
0:41 of 2nd period - Shot Blocked by Braydon Coburn.
0:41 of 2nd period - Puck is out of play.
0:42 of 2nd period - David Krejci wins face-off versus Maxim Lapierre in Canadiens zone.
0:51 of 2nd period - Slapshot by Jamie Benn.
0:51 of 2nd period - Shot Blocked by Braydon Coburn.
0:53 of 2nd period - Slapshot by Erik Karlsson.
0:53 of 2nd period - Shot Blocked by Alex Goligoski.
0:55 of 2nd period - Wrist shot by Dustin Brown.
0:55 of 2nd period - Goal by Dustin Brown - Canadiens : 1 - Islanders : 5.
0:56 of 2nd period - David Krejci wins face-off versus Mike Ribeiro in neutral zone.
1:15 of 2nd period - Alex Goligoski is hit by Jamie Benn.
1:53 of 2nd period - Joe Thornton is hit by Erik Karlsson and loses puck.
2:43 of 2nd period - Frans Nielsen is hit by Matthew Carle and loses puck.
3:08 of 2nd period - Minor Penalty to Travis Hamonic for Cross-checking.
3:09 of 2nd period - Paul Gaustad wins face-off versus Joe Thornton in Islanders zone.
4:25 of 2nd period - Snap shot by Radim Vrbata.
4:25 of 2nd period - Shot Misses the Net.
4:27 of 2nd period - Snap shot by Justin Abdelkader.
4:27 of 2nd period - Stopped by Braden Holtby without a rebound.
4:28 of 2nd period - Paul Gaustad wins face-off versus Joe Thornton in Islanders zone.
5:08 of 2nd period - Penalty to Travis Hamonic is over, Travis Hamonic is back on ice.
5:09 of 2nd period - Travis Hamonic is hit by Justin Abdelkader and loses puck.
5:22 of 2nd period - Matthew Carle is hit by Jamie Benn and loses puck.
5:27 of 2nd period - Wrist shot by Jamie Benn.
5:27 of 2nd period - Shot Misses the Net.
5:29 of 2nd period - Snap shot by Jamie Benn.
5:29 of 2nd period - Shot Misses the Net.
5:31 of 2nd period - Wrist shot by Brandon Pirri.
5:31 of 2nd period - Shot Blocked by Ben Lovejoy.
5:33 of 2nd period - Snap shot by Brandon Pirri.
5:33 of 2nd period - Stopped by Curtis McElhinney with a rebound.
5:35 of 2nd period - Backhand shot by Kevin Klein.
5:35 of 2nd period - Shot Blocked by Matthew Carle.
5:37 of 2nd period - Snap shot by Kevin Klein.
5:37 of 2nd period - Shot Blocked by Ben Lovejoy.
5:43 of 2nd period - Snap shot by Jamie Benn.
5:43 of 2nd period - Shot Misses the Net.
7:41 of 2nd period - Alex Goligoski is hit by Jamie Benn and loses puck.
7:42 of 2nd period - Alex Goligoski from Canadiens is injured at 7:42 of 2nd period (Sprained Left Finger).
7:43 of 2nd period - David Krejci wins face-off versus Joe Thornton in Canadiens zone.
7:58 of 2nd period - Snap shot by David Krejci.
7:58 of 2nd period - Stopped by Curtis McElhinney with a rebound.
8:00 of 2nd period - Wrist shot by Brandon Pirri.
8:00 of 2nd period - Shot Misses the Net.
8:36 of 2nd period - Rob Scuderi is hit by Patrick Eaves and loses puck.
8:45 of 2nd period - Ryan Callahan is hit by Dalton Prout and loses puck.
9:34 of 2nd period - Slapshot by Lauri Korpikoski.
9:34 of 2nd period - Shot Misses the Net.
9:36 of 2nd period - Slapshot by Erik Karlsson.
9:36 of 2nd period - Stopped by Curtis McElhinney with a rebound.
10:08 of 2nd period - Backhand shot by Tyler Ennis.
10:08 of 2nd period - Shot Misses the Net.
10:10 of 2nd period - Snap shot by Alexei Emelin.
10:10 of 2nd period - Shot Blocked by Braydon Coburn.
10:54 of 2nd period - Minor Penalty to Mathieu Perreault for Hooking.
10:55 of 2nd period - Maxim Lapierre wins face-off versus Joe Pavelski in Canadiens zone.
11:29 of 2nd period - Wrist shot by Marian Hossa.
11:29 of 2nd period - Shot Blocked by Ben Lovejoy.
12:17 of 2nd period - Wrist shot by Gregory Campbell.
12:17 of 2nd period - Stopped by Braden Holtby with a rebound.
12:19 of 2nd period - Snap shot by Gregory Campbell.
12:19 of 2nd period - Stopped by Braden Holtby with a rebound.
12:54 of 2nd period - Penalty to Mathieu Perreault is over, Mathieu Perreault is back on ice.
13:11 of 2nd period - Wrist shot by Lauri Korpikoski.
13:11 of 2nd period - Shot Misses the Net.
13:19 of 2nd period - Lauri Korpikoski is hit by Maxim Lapierre and loses puck.
14:18 of 2nd period - Travis Hamonic is hit by Scott Gomez and loses puck.
14:36 of 2nd period - Off-side.
14:37 of 2nd period - Frans Nielsen wins face-off versus Joe Thornton in neutral zone.
14:54 of 2nd period - Travis Hamonic is hit by Francois Beauchemin and loses puck.
15:10 of 2nd period - Minor Penalty to Travis Hamonic for Tripping.
15:11 of 2nd period - Paul Gaustad wins face-off versus Joe Thornton in Islanders zone.
15:58 of 2nd period - Snap shot by Mike Ribeiro.
15:58 of 2nd period - Deflect By Ryan Callahan.
15:58 of 2nd period - Shot Misses the Net.
15:58 of 2nd period - Puck is out of play.
15:59 of 2nd period - Mathieu Perreault wins face-off versus Paul Gaustad in Islanders zone.
16:06 of 2nd period - Slapshot by Mike Ribeiro.
16:06 of 2nd period - Shot Blocked by Paul Gaustad.
16:08 of 2nd period - Wrist shot by Ryan Callahan.
16:08 of 2nd period - Shot Misses the Net.
16:10 of 2nd period - Slapshot by Braydon Coburn.
16:10 of 2nd period - Deflect By Mike Ribeiro.
16:10 of 2nd period - Shot Blocked by Dalton Prout.
16:10 of 2nd period - Puck is out of play.
16:11 of 2nd period - Paul Gaustad wins face-off versus Joe Thornton in Islanders zone.
16:44 of 2nd period - Snap shot by Mathieu Perreault.
16:44 of 2nd period - Stopped by Braden Holtby without a rebound.
16:45 of 2nd period - Frans Nielsen wins face-off versus Mike Ribeiro in Islanders zone.
16:45 of 2nd period - Frans Nielsen is hit by Kevin Bieksa.
16:59 of 2nd period - Kevin Klein is hit by Ryan Callahan and loses puck.
17:10 of 2nd period - Penalty to Travis Hamonic is over, Travis Hamonic is back on ice.
17:16 of 2nd period - Rob Scuderi is hit by Radim Vrbata and loses puck.
17:38 of 2nd period - Ryan Callahan is hit by Jamie Benn and loses puck.
17:45 of 2nd period - Snap shot by Matthew Carle.
17:45 of 2nd period - Stopped by Braden Holtby with a rebound.
17:47 of 2nd period - Wrist shot by Braydon Coburn.
17:47 of 2nd period - Deflect By Ryan Callahan.
17:47 of 2nd period - Shot Misses the Net.
17:47 of 2nd period - Puck is out of play.
17:48 of 2nd period - Joe Pavelski wins face-off versus Scott Gomez in Islanders zone.
18:03 of 2nd period - Alexei Emelin is hit by Scott Gomez and loses puck.
Goals for this period are 0 for Canadiens vs 3 for Islanders.
Shots for this period are 5 for Canadiens vs 9 for Islanders.

3rd period


0:01 of 3rd period - Joe Thornton wins face-off versus David Krejci in neutral zone.
0:04 of 3rd period - Wrist shot by Radim Vrbata.
0:04 of 3rd period - Deflect By Erik Karlsson.
0:04 of 3rd period - Stopped by Braden Holtby without a rebound.
0:05 of 3rd period - David Krejci wins face-off versus Justin Abdelkader in Islanders zone.
0:22 of 3rd period - Slapshot by Jamie Benn.
0:22 of 3rd period - Stopped by Curtis McElhinney with a rebound.
0:40 of 3rd period - Slapshot by Joe Thornton.
0:40 of 3rd period - Stopped by Braden Holtby with a rebound.
0:48 of 3rd period - Minor Penalty to Jamie Benn for Holding.
0:49 of 3rd period - Mathieu Perreault wins face-off versus Paul Gaustad in Islanders zone.
1:57 of 3rd period - Wrist shot by Joe Thornton.
1:57 of 3rd period - Stopped by Braden Holtby with a rebound.
2:13 of 3rd period - Wrist shot by Mathieu Perreault.
2:13 of 3rd period - Shot Misses the Net.
2:15 of 3rd period - Wrist shot by Ben Lovejoy.
2:15 of 3rd period - Stopped by Braden Holtby without a rebound.
2:16 of 3rd period - Mike Ribeiro wins face-off versus Frans Nielsen in Islanders zone.
2:17 of 3rd period - Slapshot by Ryan Callahan.
2:17 of 3rd period - Shot Blocked by Frans Nielsen.
2:19 of 3rd period - Slapshot by Francois Beauchemin.
2:19 of 3rd period - Stopped by Braden Holtby without a rebound.
2:20 of 3rd period - Mike Ribeiro wins face-off versus Frans Nielsen in Islanders zone.
2:23 of 3rd period - Slapshot by Mathieu Perreault.
2:23 of 3rd period - Stopped by Braden Holtby with a rebound.
2:25 of 3rd period - Snap shot by Mike Ribeiro.
2:25 of 3rd period - Shot Misses the Net.
2:47 of 3rd period - Snap shot by Radim Vrbata.
2:47 of 3rd period - Deflect By Kevin Klein.
2:47 of 3rd period - Shot Misses the Net.
2:47 of 3rd period - Puck is out of play.
2:48 of 3rd period - Penalty to Jamie Benn is over, Jamie Benn is back on ice.
2:48 of 3rd period - David Krejci wins face-off versus Joe Thornton in Islanders zone.
2:56 of 3rd period - Off-side.
2:57 of 3rd period - David Krejci wins face-off versus Scott Gomez in neutral zone.
3:14 of 3rd period - Snap shot by Ryan Callahan.
3:14 of 3rd period - Stopped by Braden Holtby with a rebound.
4:40 of 3rd period - Snap shot by Tyler Ennis.
4:40 of 3rd period - Stopped by Curtis McElhinney with a rebound.
4:42 of 3rd period - Slapshot by Dalton Prout.
4:42 of 3rd period - Shot Misses the Net.
4:44 of 3rd period - Snap shot by Dustin Brown.
4:44 of 3rd period - Goal by Dustin Brown - Canadiens : 1 - Islanders : 6.
4:45 of 3rd period - Joe Thornton wins face-off versus Paul Gaustad in neutral zone.
5:02 of 3rd period - Snap shot by Radim Vrbata.
5:02 of 3rd period - Stopped by Braden Holtby with a rebound.
5:04 of 3rd period - Slapshot by Braydon Coburn.
5:04 of 3rd period - Shot Blocked by Kevin Klein.
5:06 of 3rd period - Snap shot by Justin Abdelkader.
5:06 of 3rd period - Stopped by Braden Holtby with a rebound.
5:12 of 3rd period - Wrist shot by Joe Thornton.
5:12 of 3rd period - Shot Blocked by Kevin Klein.
5:14 of 3rd period - Snap shot by Joe Thornton.
5:14 of 3rd period - Shot Misses the Net.
5:38 of 3rd period - Backhand shot by Scott Gomez.
5:38 of 3rd period - Shot Misses the Net.
5:40 of 3rd period - Slapshot by Francois Beauchemin.
5:40 of 3rd period - Shot Blocked by Lauri Korpikoski.
5:42 of 3rd period - Slapshot by Braydon Coburn.
5:42 of 3rd period - Deflect By Ryan Callahan.
5:42 of 3rd period - Shot Misses the Net.
5:42 of 3rd period - Puck is out of play.
5:43 of 3rd period - Scott Gomez wins face-off versus David Krejci in Islanders zone.
5:46 of 3rd period - Snap shot by Patrick Eaves.
5:46 of 3rd period - Stopped by Braden Holtby without a rebound.
5:47 of 3rd period - David Krejci wins face-off versus Mike Ribeiro in Islanders zone.
6:46 of 3rd period - Snap shot by Ryan Callahan.
6:46 of 3rd period - Stopped by Braden Holtby with a rebound.
6:48 of 3rd period - Snap shot by Ryan Callahan.
6:48 of 3rd period - Stopped by Braden Holtby without a rebound.
6:49 of 3rd period - Joe Thornton wins face-off versus Joe Pavelski in Islanders zone.
7:24 of 3rd period - Wrist shot by Kevin Klein.
7:24 of 3rd period - Stopped by Curtis McElhinney with a rebound.
8:05 of 3rd period - Slapshot by Scott Gomez.
8:05 of 3rd period - Shot Misses the Net.
8:07 of 3rd period - Snap shot by Scott Gomez.
8:07 of 3rd period - Shot Misses the Net.
8:09 of 3rd period - Snap shot by Scott Gomez.
8:09 of 3rd period - Deflect By Ryan Callahan.
8:09 of 3rd period - Shot Misses the Net.
8:09 of 3rd period - Puck is out of play.
8:10 of 3rd period - Paul Gaustad wins face-off versus Mike Ribeiro in Islanders zone.
8:39 of 3rd period - Snap shot by Mathieu Perreault.
8:39 of 3rd period - Stopped by Braden Holtby with a rebound.
8:41 of 3rd period - Slapshot by Braydon Coburn.
8:41 of 3rd period - Shot Misses the Net.
8:43 of 3rd period - Backhand shot by Braydon Coburn.
8:43 of 3rd period - Shot Blocked by Travis Hamonic.
8:45 of 3rd period - Slapshot by Braydon Coburn.
8:45 of 3rd period - Stopped by Braden Holtby without a rebound.
8:46 of 3rd period - Joe Thornton wins face-off versus Joe Pavelski in Islanders zone.
9:23 of 3rd period - Carl Hagelin is hit by Braydon Coburn and loses puck.
9:40 of 3rd period - Francois Beauchemin is hit by Jamie Benn.
9:53 of 3rd period - Off-side.
9:54 of 3rd period - Jamie Benn wins face-off versus Mike Ribeiro in neutral zone.
9:57 of 3rd period - Jaromir Jagr is hit by David Krejci.
10:13 of 3rd period - Snap shot by Jamie Benn.
10:13 of 3rd period - Stopped by Curtis McElhinney without a rebound.
10:14 of 3rd period - Frans Nielsen wins face-off versus Mike Ribeiro in Canadiens zone.
11:01 of 3rd period - Wrist shot by Patrik Berglund.
11:01 of 3rd period - Stopped by Curtis McElhinney without a rebound.
11:02 of 3rd period - Joe Thornton wins face-off versus Paul Gaustad in Canadiens zone.
11:02 of 3rd period - Joe Thornton is hit by Paul Gaustad.
11:24 of 3rd period - Backhand shot by Joe Thornton.
11:24 of 3rd period - Stopped by Braden Holtby without a rebound.
11:25 of 3rd period - David Krejci wins face-off versus Ryan Callahan in Islanders zone.
11:53 of 3rd period - Snap shot by Ryan Callahan.
11:53 of 3rd period - Stopped by Braden Holtby with a rebound.
11:55 of 3rd period - Snap shot by Ben Lovejoy.
11:55 of 3rd period - Shot Blocked by Erik Karlsson.
11:57 of 3rd period - Slapshot by Kevin Bieksa.
11:57 of 3rd period - Stopped by Braden Holtby without a rebound.
11:58 of 3rd period - Joe Pavelski wins face-off versus Joe Thornton in Islanders zone.
12:12 of 3rd period - Double Minor Penalty to Justin Abdelkader for Slashing.
12:13 of 3rd period - David Krejci wins face-off versus Maxim Lapierre in Canadiens zone.
12:13 of 3rd period - Slapshot by Jamie Benn.
12:13 of 3rd period - Stopped by Curtis McElhinney without a rebound.
12:14 of 3rd period - Maxim Lapierre wins face-off versus David Krejci in Canadiens zone.
12:29 of 3rd period - Backhand shot by Jamie Benn.
12:29 of 3rd period - Stopped by Curtis McElhinney without a rebound.
12:30 of 3rd period - David Krejci wins face-off versus Maxim Lapierre in Canadiens zone.
13:17 of 3rd period - Marian Hossa is hit by Maxim Lapierre and loses puck.
13:45 of 3rd period - Braydon Coburn is hit by Tyler Ennis and loses puck.
14:06 of 3rd period - Wrist shot by Frans Nielsen.
14:06 of 3rd period - Shot Blocked by Justin Fontaine.
14:08 of 3rd period - Slapshot by Erik Karlsson.
14:08 of 3rd period - Deflect By Jamie Benn.
14:08 of 3rd period - Stopped by Curtis McElhinney without a rebound.
14:09 of 3rd period - Maxim Lapierre wins face-off versus David Krejci in Canadiens zone.
14:41 of 3rd period - Joe Pavelski is hit by Mathieu Perreault and loses puck.
15:24 of 3rd period - Ben Lovejoy is hit by Kevin Klein and loses puck.
15:47 of 3rd period - Slapshot by Francois Beauchemin.
15:47 of 3rd period - Deflect By Mathieu Perreault.
15:47 of 3rd period - Stopped by Braden Holtby with a rebound.
16:08 of 3rd period - Slapshot by Erik Karlsson.
16:08 of 3rd period - Shot Misses the Net.
16:12 of 3rd period - Penalty to Justin Abdelkader is over, Justin Abdelkader is back on ice.
16:28 of 3rd period - Slapshot by Radim Vrbata.
16:28 of 3rd period - Shot Misses the Net.
16:30 of 3rd period - Wrist shot by Radim Vrbata.
16:30 of 3rd period - Deflect By Joe Thornton.
16:30 of 3rd period - Shot Misses the Net.
16:30 of 3rd period - Puck is out of play.
16:31 of 3rd period - Joe Thornton wins face-off versus Paul Gaustad in Islanders zone.
16:36 of 3rd period - Wrist shot by Joe Thornton.
16:36 of 3rd period - Shot Misses the Net.
16:38 of 3rd period - Wrist shot by Joe Thornton.
16:38 of 3rd period - Stopped by Braden Holtby with a rebound.
16:40 of 3rd period - Slapshot by Francois Beauchemin.
16:40 of 3rd period - Stopped by Braden Holtby with a rebound.
17:04 of 3rd period - Minor Penalty to Paul Gaustad for Hooking.
17:05 of 3rd period - David Krejci wins face-off versus Mike Ribeiro in Islanders zone.
17:11 of 3rd period - Icing by Mathieu Perreault.
17:12 of 3rd period - Mike Ribeiro wins face-off versus Lauri Korpikoski in Canadiens zone.
17:51 of 3rd period - Carl Hagelin is hit by Justin Abdelkader.
19:04 of 3rd period - Penalty to Paul Gaustad is over, Paul Gaustad is back on ice.
19:33 of 3rd period - Slapshot by Carl Hagelin.
19:33 of 3rd period - Shot Blocked by Braydon Coburn.
19:39 of 3rd period - Alexei Emelin is hit by Ben Lovejoy and loses puck.
Goals for this period are 0 for Canadiens vs 1 for Islanders.
Shots for this period are 20 for Canadiens vs 9 for Islanders.